 Dungeon Crawl Stone Soup version 0.29.1-15-g9cfb28693d (webtiles) character file.

Game seed: 12188848164748848332

4792 H0rd4k the Fighter (level 10, -2/73 HPs)
             Began as an Octopode Artificer on Mar 22, 2023.
             Was an Initiate of Gozag.
             Slain by a basilisk (3 damage)
             ... while petrified by a basilisk
             ... on level 9 of the Dungeon.
             The game lasted 00:13:24 (10470 turns).

H0rd4k the Fighter (Octopode Artificer)            Turns: 10470, Time: 00:13:25

Health: -2/73      AC:  1    Str: 11 (14) XL:     10   Next: 48%
Magic:  22/22      EV:  2    Int: 12 (15) God:    Gozag
Gold:   585        SH:  0    Dex: 17 (19) Spells: 21/25 levels left

rFire   . . .      SeeInvis +     - Unarmed
rCold   . . .      Faith    .   (no shield)
rNeg    + + +      Spirit   .   (helmet restricted)
rPois   ∞          Reflect  .   (no amulet)
rElec   .          Harm     .   a - ring of protection from fire
rCorr   +          Rampage  .   b - ring of resist corrosion
Will    .....      Rage     3%  J - ring "Taskuxko" {rPois rF- Dex+7 SInv Stlth+}
Stlth   ++++......              h - ring of Hiplebor {rN+ rCorr Str+3 Int-4 SInv}
HPRegen 0.22/turn               (no ring)
MPRegen 0.18/turn               (no ring)
                                (no ring)
                                (no ring)

@: petrified, on berserk cooldown, slowed
A: almost no armour, amphibious, 8 rings, camouflage 1, gelatinous body 1,
(nimble swimmer 1), tentacles, berserk 1, wild magic 1
a: Renounce Religion, Potion Petition, Call Merchant, Bribe Branch


You were on level 9 of the Dungeon.
You worshipped Gozag.
Gozag was pleased with you.
You visited 2 branches of the dungeon, and saw 10 of its levels.

You collected 1120 gold pieces.
You spent 440 gold pieces at shops.
You paid 95 gold pieces to Gozag.

Inventory:

Missiles
 t - 12 poisoned darts (quivered)
 x - 6 atropa-tipped darts
Magical Staves
 r - a staff of cold
Jewellery
 a - a ring of protection from fire (left tentacle)
 b - a ring of resist corrosion (right tentacle)
 h - the ring of Hiplebor (on tentacle) {rN+ rCorr Str+3 Int-4 SInv}
   (You acquired it on level 9 of the Dungeon)

   [ring of see invisible]

   Str:       It affects your strength (+3).
   Int:       It affects your intelligence (-4).
   rN:        It protects you from negative energy.
   SInv:      It lets you see invisible.
   rCorr:     It protects you from acid and corrosion.
 J - the ring "Taskuxko" (on tentacle) {rPois rF- Dex+7 SInv Stlth+}
   (You bought it in a shop on level 7 of the Dungeon)

   [ring of see invisible]

   Dex:       It affects your dexterity (+7).
   rF:        It makes you vulnerable to fire.
   rPois:     It protects you from poison.
   SInv:      It lets you see invisible.
   Stlth:     It makes you more stealthy.
Wands
 c - a wand of charming (1)
 F - a wand of mindburst (8)
 H - a wand of digging (6)
 K - a wand of roots (5)
Scrolls
 e - 2 scrolls of magic mapping
 i - 6 scrolls of teleportation
 j - 4 scrolls of vulnerability
 k - 2 scrolls of fear
 n - 4 scrolls of enchant armour
 p - a scroll of noise {unknown}
 s - a scroll of immolation {unknown}
 u - a scroll of poison {unknown}
 w - 2 scrolls of amnesia {unknown}
 y - a scroll of brand weapon {unknown}
 C - a scroll of enchant weapon
 I - 2 scrolls of blinking {unknown}
Potions
 d - a potion of invisibility {unknown}
 f - 2 potions of flight
 g - 2 potions of mutation
 m - 4 potions of curing {unknown}
 o - a potion of ambrosia {unknown}
 q - 3 potions of lignification
 v - 2 potions of resistance {unknown}
 z - 3 potions of degeneration
 A - a potion of might {unknown}
 D - 2 potions of cancellation {unknown}
 E - 3 potions of attraction {unknown}
 G - 2 potions of heal wounds {unknown}


   Skills:
 - Level 8.9 Fighting
 + Level 0.2(0.3) Axes
 + Level 0.3 Ranged Weapons
 - Level 5.0 Throwing
 - Level 2.3 Dodging
 - Level 1.3 Stealth
 - Level 3.3 Unarmed Combat
 * Level 8.3 Spellcasting
 + Level 0.5 Hexes
 * Level 3.5 Summonings
 + Level 0.2 Necromancy
 * Level 2.3 Ice Magic
 + Level 0.1 Earth Magic
 + Level 0.1 Poison Magic
 - Level 3.2 Evocations


You had 21 spell levels left.
You knew the following spells:

 Your Spells              Type           Power      Damage    Failure   Level
a - Summon Ice Beast      Ice/Summ       15%        N/A       47%         4

Your spell library contained the following spells:

 Spells                   Type           Power      Damage    Failure   Level
 Scorch                   Fire           12%        2d5       28%         2
 Sublimation of Blood     Necr           7%         N/A       28%         2
 Wereblood                Tmut           6%         N/A       28%         2
 Confusing Touch          Hex            8%         N/A       43%         3
 Sticky Flame             Conj/Fire      6%         2d3       86%         4
 Yara's Violent Unravell  Hex/Tmut       3%         3d4       99%         5
 Enfeeble                 Hex            4%         N/A       100%        7
 Summon Hydra             Summ           8%         N/A       100%        7
 Summon Horrible Things   Summ           8%         N/A       100%        8
 Dragon's Call            Summ           8%         N/A       100%        9


Dungeon Overview and Level Annotations

Branches:
Dungeon (9/15)             Temple (1/1) D:4
   Lair: D:8-11         Orc: D:9-12

Altars:
Ashenzari
Cheibriados
Dithmenos
Elyvilon
Fedhas
Gozag
Hepliaklqana
Makhleb
Nemelex Xobeh
Okawaru
Qazlal
Ru
Sif Muna
Trog
Vehumet
Wu Jian
Xom
Yredelemnul
Zin
The Shining One

Shops:
D:4 *   D:7 =

Annotations:
D:3 1 runed translucent door
D:4 exclusion: downstairs
D:5 1 runed translucent door, Crazy Yiuf, Dowan, Duvessa, Edmund
D:6 exclusion: upstairs
D:8 exclusion: downstairs


Innate Abilities, Weirdness & Mutations

You cannot wear most types of armour.
You are amphibious.
You can wear up to eight rings at the same time.
Your skin changes colour to match your surroundings (Stealth+).
Your rubbery body absorbs attacks. (AC +1, EV +1)
((You are camouflaged when in or above water. (Stealth+)))
You have tentacles for arms and can constrict up to eight enemies at once.
You sometimes lose your temper in combat.
Your spells are a little harder to cast, but a little more powerful.


Message History

You have turned to stone.
The basilisk bites you! The basilisk bites you!!
The basilisk barely misses you. The basilisk bites you.
The basilisk gazes at you. The basilisk bites you! The basilisk gazes at you.
The basilisk bites you! The basilisk bites you!!
* * * LOW HITPOINT WARNING * * *
You turn to flesh and can move again.
Aiming: Charm
Press: ? - help, Shift-Dir - straight line, f - basilisk
Aim: a basilisk (chance to affect: 57%)
The basilisk resists with significant effort.
The basilisk barely misses you.
Unknown command.
Aiming: Charm
Press: ? - help, Shift-Dir - straight line, f/p - basilisk
Aim: a basilisk (chance to affect: 57%)
The basilisk resists with significant effort.
The basilisk gazes at you.
You are slowing down.
The basilisk bites you!
* * * LOW HITPOINT WARNING * * *
It was a potion of degeneration.
There was something very wrong with that liquid.
You feel weakened.
You feel dopey.
You feel clumsy.
The basilisk bites you but does no damage.
The basilisk bites you!
* * * LOW HITPOINT WARNING * * *
You have turned to stone.
The basilisk gazes at you. x3
You resist with some effort. The basilisk bites you!
* * * LOW HITPOINT WARNING * * *
The basilisk bites you.
You die...
Your body crumbles into a pile of gold.

#.....##.#####..
+##'##'..# #..
$#..#.....#..#### #..
#..#+###+#..########..
#..#.....#..#.........
+..+.._..'..'.........
#..#.....#..#.........
#..#+###'#..#.........
#..#l@.$.#..#.........
#$##+##+##+.######..
#...$.# ## #.. #.....#
###l##+ ... .## . #.


You could see a basilisk.

Vanquished Creatures
  A cyclops (D:7)
  2 yaks (D:8)
  Menkaure (D:6)
  An acid dragon (D:8)
  A water moccasin (D:7)
  2 orc warriors
  A sky beast (D:8)
  An ice beast (D:6)
  An ogre (D:5)
  2 centaurs (D:8)
  A phantom (D:6)
  A necrophage (D:6)
  A kobold brigand (D:7)
  4 bullfrogs (D:7)
  4 scorpions
  4 wights
  A killer bee (D:8)
  5 hounds
  A jelly (D:6)
  3 orc priests
  2 iguanas
  5 orc wizards
  4 gnolls (D:2)
  5 adders
  2 white imps (D:5)
  2 worms
  A dart slug (D:1)
  21 orcs
  3 bats
  4 endoplasms
  A giant cockroach (D:3)
  7 goblins
  7 hobgoblins
  4 jackals
  10 kobolds
  2 quokkas
  6 ball pythons
  A frilled lizard (D:2)
  A goblin zombie (D:3)
  4 rats
130 creatures vanquished.

Vanquished Creatures (collateral kills)
  A two-headed ogre (D:9)
  A yak (D:9)
  3 wights
  2 killer bees (D:8)
  3 howler monkeys (D:9)
  A hound (D:7)
  A jelly (D:8)
  An iguana (D:7)
  An orc wizard (D:8)
  A white imp (D:7)
  An orc (D:8)
16 creatures vanquished.

Vanquished Creatures (others)
  Erica (D:8)
  An ice beast (D:7)
  2 bullfrogs
  2 wights (D:7)
  2 killer bees
  A hound (D:7)
  An orc (D:5)
  A kobold (D:2)
  6 fungi (D:9)
  18 plants (D:9)
35 creatures vanquished.

Grand Total: 181 creatures vanquished

Notes
Turn   | Place    | Note
-------+----------+-------------------------------------------
     0 | D:1      | H0rd4k the Octopode Artificer began the quest for the Orb.
     0 | D:1      | Reached XP level 1. HP: 13/13 MP: 1/1
   338 | D:1      | Reached XP level 2. HP: 10/18 MP: 1/3
   341 | D:1      | Reached skill level 1 in Spellcasting
  1039 | D:2      | Reached XP level 3. HP: 14/24 MP: 3/5
  1423 | D:2      | Reached skill level 1 in Unarmed Combat
  1939 | D:2      | Reached XP level 4. HP: 16/30 MP: 5/7
  2377 | D:3      | Found a runed translucent door.
  2377 | D:3      | Noticed a human
  2381 | D:3      | Found a basalt altar of Yredelemnul.
  2900 | D:3      | Reached XP level 5. HP: 35/35 MP: 8/8
  3522 | D:4      | Found Gepnuleo's Elemental Accessories.
  3764 | D:4      | Reached XP level 6. HP: 33/42 MP: 9/9
  3928 | D:4      | Found a staircase to the Ecumenical Temple.
  4356 | D:5      | Entered Level 5 of the Dungeon
  4663 | D:5      | Noticed Edmund
  4739 | Temple   | Entered the Ecumenical Temple
  4929 | Temple   | Became a worshipper of Gozag Ym Sagoz the Greedy
  4998 | D:5      | Reached XP level 7. HP: 48/48 MP: 12/12
  5090 | D:5      | Found a burning altar of Makhleb.
  5091 | D:5      | Found a bloodstained altar of Trog.
  5506 | D:5      | Found a runed translucent door.
  5507 | D:5      | Noticed Crazy Yiuf
  5617 | D:5      | Noticed Dowan
  5619 | D:5      | Noticed Duvessa
  6000 | D:6      | Noticed Menkaure
  6002 | D:6      | Killed Menkaure
  6003 | D:6      | Reached skill level 5 in Fighting
  6103 | D:6      | Reached skill level 1 in Throwing
  6228 | D:6      | Reached skill level 5 in Spellcasting
  6228 | D:6      | Reached XP level 8. HP: 43/55 MP: 15/15
  6887 | D:6      | Found an ornate altar of the Wu Jian Council.
  6891 | D:6      | Found a hazy altar of Hepliaklqana.
  6987 | D:7      | Found Kicvotuv's Jewellery Shoppe.
  7776 | D:7      | Bought the ring "Taskuxko" {rPois rF- Dex+7 SInv Stlth+}
                  | for 440 gold pieces
  7872 | D:7      | Noticed a cyclops
  7982 | D:7      | Reached XP level 9. HP: 52/64 MP: 18/18
  8207 | D:8      | Noticed Erica
  8263 | D:8      | Killed Erica
  8634 | D:8      | Found a broken altar of Ashenzari.
  9026 | D:7      | Killed a cyclops
  9224 | D:8      | Reached XP level 10. HP: 61/73 MP: 21/21
  9443 | D:8      | Reached skill level 5 in Throwing
  9569 | D:8      | Found a glowing silver altar of Zin.
  9636 | D:8      | Identified 2 scrolls of acquirement
  9636 | D:8      | Acquired Zoys's Verses on Generative Combustion
  9643 | D:8      | Learned a level 4 spell: Summon Ice Beast
  9721 | D:8      | Reached skill level 1 in Summonings
  9976 | D:9      | Reached skill level 1 in Ice Magic
  9978 | D:9      | Killed a two-headed ogre
 10118 | D:9      | Gained mutation: You sometimes lose your temper in combat.
                  | [potion of mutation]
 10118 | D:9      | Gained mutation: Your spells are a little harder to cast,
                  | but a little more powerful. [potion of mutation]
 10118 | D:9      | Gained mutation: You are weak. (Str -2) [potion of
                  | mutation]
 10118 | D:9      | Lost mutation: You are weak. (Str -2) [potion of mutation]
 10358 | D:9      | Acquired the ring of Hiplebor {rN+ rCorr Str+3 Int-4 SInv}
 10427 | D:9      | Found a shadowy altar of Dithmenos.
 10469 | D:9      | HP: 1/73 [basilisk (4)]
 10470 | D:9      | Slain by a basilisk

Illustrated notes

Levels and vault maps discovered:
D:1:      erik_arrival_orb_chamber, layout_basic
D:2:      layout_loops_ring, minmay_randomly_rotated_circles
D:3:      layout_loops_ring, dk_yredelemnul_ordeal
D:4:      layout_loops_ring, minmay_temple_entry_statues_fountains,
          nicolae_elemental_shop, nrook_campfire
D:5:      layout_loops_cross, mainiacjoe_overflow_divided_tiny, uniq_edmund,
          uniq_crazy_yiuf_cottage, uniq_duvessa
D:6:      layout_loops_ring, gammafunk_temple_overflow_pools,
          chequers_serial_rivers_micro_b, uniq_menkaure
D:7:      layout_loops_ring, serial_shops, shop, reono_crystal_passage,
          grunt_potential
D:8:      layout_rooms, lemuel_doored_altar, cheibrodos_ashenzari_chains,
          uniq_erica
D:9:      layout_long_grid, mainiacjoe_overflow_24_doors,
          minmay_lair_entry_grove, amcnicky_mini_corridor_feature
Temple:   nicolae_temple_godzebo

Skill      XL: |  1  2  3  4  5  6  7  8  9 10 |
---------------+-------------------------------+-----
Spellcasting   | 1 2 3 5 6 7 8 |  8.3
Fighting       | 2 3 4 5 7 8 |  8.9
Unarmed Combat | 1 2 3 |  3.3
Throwing       | 1 2 4 5 |  5.0
Summonings     | 3 |  3.5
Ice Magic      | 2 |  2.3
Axes           | |  0.2
Ranged Weapons | |  0.3
Dodging        | |  2.3
Stealth        | |  1.3
Hexes          | |  0.5
Necromancy     | |  0.2
Earth Magic    | |  0.1
Poison Magic   | |  0.1
Evocations     | |  3.2

Action                   |  1- 3 |  4- 6 |  7- 9 | 10-12 || total
-------------------------+-------+-------+-------+-------++-------
Melee: Unarmed           |    68 |   105 |   133 |    58 ||   364
       Tentacles         |    18 |    28 |    40 |    14 ||   100
       Constrict         |    20 |    28 |    28 |    13 ||    89
       Punch             |     2 |     4 |     6 |     2 ||    14
Throw: Dart              |       |       |    17 |    13 ||    30
Evoke: Wand              |     4 |     7 |    49 |     6 ||    66
  Use: Scroll            |       |       |     6 |     4 ||    10
       Potion            |       |       |       |     3 ||     3
 Stab: Sleeping          |     4 |     9 |     2 |     2 ||    17
       Distracted        |       |       |     1 |       ||     1
Armor: Skin              |     6 |     7 |     5 |     2 ||    20
Dodge: Dodged            |    46 |    56 |    74 |    36 ||   212
